 Dungeon Crawl Stone Soup version 0.30-a0-4-ga7cffc901d (webtiles) character file.

Game seed: 8771839139896917766

270 ytrimaz the Magician (level 6, -1/43 HPs)
             Began as a Demonspawn Transmuter on Aug 22, 2022.
             Slain by Grinder (6 damage)
             ... on level 3 of the Dungeon.
             The game lasted 00:02:50 (3239 turns).

ytrimaz the Magician (Demonspawn Transmuter)        Turns: 3239, Time: 00:02:51

Health: -1/43      AC:  2    Str: 10    XL:     6   Next: 1%
Magic:  10/12      EV: 12    Int: 17    God:
Gold:   122        SH:  0    Dex: 13    Spells: 7/13 levels left

rFire   . . .      SeeInvis .      - Unarmed
rCold   . . .      Faith    .    (no shield)
rNeg    . . .      Spirit   .    a - +0 robe
rPois   .          Reflect  .    (no helmet)
rElec   .          Harm     .    (no cloak)
rCorr   .          Rampage  .    (no gloves)
Will    .....                    (no boots)
Stlth   +.........               (no amulet)
HPRegen 0.14/turn                (no ring)
MPRegen 0.13/turn                (no ring)

@: no status effects
A: foul stench 1, demonic touch 1
a: no special abilities


You were on level 3 of the Dungeon.
You visited 1 branch of the dungeon, and saw 3 of its levels.

You collected 122 gold pieces.

Inventory:

Armour
 a - a +0 robe (worn)
Wands
 b - a wand of flame (23)
Scrolls
 e - 2 scrolls of amnesia
Potions
 d - a potion of attraction {unknown}
 f - a potion of berserk rage {unknown}
 g - a potion of degeneration {unknown}


   Skills:
 - Level 1.0 Fighting
 - Level 1.7 Dodging
 - Level 2.6 Unarmed Combat
 * Level 4.2 Spellcasting
 * Level 4.1 Transmutations
 * Level 1.2 Poison Magic


You had 7 spell levels left.
You knew the following spells:

 Your Spells              Type           Power      Damage    Failure   Level
a - Beastly Appendage     Tmut           34%        N/A       3%          1
b - Wereblood             Tmut           17%        N/A       4%          2
c - Spider Form           Tmut/Pois      12%        N/A       16%         3

Your spell library contained the following spells:

 Spells                   Type           Power      Damage    Failure   Level
 Ignite Poison            Fire/Tmut/Pois 9%         N/A       22%         3
 Mephitic Cloud           Conj/Pois/Air  5%         N/A       36%         3
 Ice Form                 Ice/Tmut       10%        N/A       54%         4
 Freezing Cloud           Conj/Ice/Air   1%         6-21      99%         5


Dungeon Overview and Level Annotations

Branches:
Dungeon (3/15)

Altars:

Shops:
D:1 !

Annotations:
D:3 Grinder


Innate Abilities, Weirdness & Mutations

You may rarely emit foul miasma when damaged in melee.
Your touch may inflict minor irresistible damage on your foes.


Message History

Casting: Spider Form (quite dangerous; 34% risk of failure)
Confirm with . or Enter, or press ? or * to list all spells.
The spell is quite dangerous to miscast (34% risk of failure)!
Continue anyway?
Okay, then.
You bite Grinder!
Grinder looks as sick as possible!
Grinder is lightly wounded.
Grinder gestures at you.
You suddenly lose the ability to move!
Grinder hits you!
You emit a cloud of foul miasma!
Grinder hits you.
You writhe in agony.
Grinder hits you!
* * * LOW HITPOINT WARNING * * *
Grinder says, "Tell me all your secrets, or I'll kill you."
Grinder hits you.
* * * LOW HITPOINT WARNING * * *
You can move again.
Unknown command.
Unknown command.
You barely miss Grinder.
Grinder is severely wounded.
Grinder blinks!
Unknown command.
Unknown command.
You start resting.
Your transformation is almost over.
Grinder is nearby!
You start resting.
Grinder is nearby!
You start resting.
Grinder is nearby!
You hit Grinder but do no damage.
Grinder is almost dead.
Grinder completely misses you.
You closely miss Grinder.
Grinder is almost dead.
Your transformation has ended.
Your +0 robe unmelds from your body.
Grinder hits you.
* * * LOW HITPOINT WARNING * * *
You writhe in agony.
You die...

............#######...#
......##.#### ##.##
.........# #.#
...##.#### ###.###
..)##.# #.....#
......#######* #.#.#.#
.#.##.##.5...*####.#...#
.#.##.##.....##.##.##..#
.#........?..#.#@#.##..#
.***#.##...5.5#5.......#
.****,*#.....#...#######
.,,,,,....#####.##
,**,**###,* #^#
,**>*****,* #.#
,,,,,,,**,* #.#
***,**,**,****#.#
##*,**,,,,,,,*#.#


You could see Grinder (poisoned).

Vanquished Creatures
  Sigmund (D:3)
  Jessica (D:3)
  2 adders (D:3)
  A worm (D:3)
  3 dart slugs
  4 bats
  5 endoplasms
  A giant cockroach (D:3)
  4 goblins
  7 hobgoblins
  7 jackals
  3 kobolds
  3 quokkas
  9 ball pythons
  A frilled lizard (D:3)
  4 rats
56 creatures vanquished.

Notes
Turn   | Place    | Note
-------+----------+-------------------------------------------
     0 | D:1      | ytrimaz the Demonspawn Transmuter began the quest for the
                  | Orb.
     0 | D:1      | Reached XP level 1. HP: 15/15 MP: 3/3
   412 | D:1      | Gained mutation: Your touch may inflict minor irresistible
                  | damage on your foes. [demonic ancestry]
   412 | D:1      | Reached XP level 2. HP: 21/21 MP: 3/5
   440 | D:1      | Found Witoax's Distillery.
  1161 | D:2      | Learned a level 2 spell: Wereblood
  1163 | D:2      | Reached XP level 3. HP: 26/26 MP: 5/7
  2129 | D:2      | Learned a level 3 spell: Spider Form
  2384 | D:3      | Noticed Jessica
  2408 | D:3      | Killed Jessica
  2409 | D:3      | Reached XP level 4. HP: 32/32 MP: 6/8
  2923 | D:3      | Noticed Sigmund
  2937 | D:3      | Killed Sigmund
  2938 | D:3      | Reached skill level 1 in Poison Magic
  2938 | D:3      | Reached XP level 5. HP: 18/37 MP: 9/11
  2938 | D:3      | Gained mutation: You may rarely emit foul miasma when
                  | damaged in melee. [demonic ancestry]
  2938 | D:3      | Reached XP level 6. HP: 21/43 MP: 9/12
  3218 | D:3      | Noticed Grinder
  3222 | D:3      | Paralysed by Grinder for 4 turns
  3239 | D:3      | Slain by Grinder

Illustrated notes

Levels and vault maps discovered:
D:1:      lightli_arrival_lavapool, layout_rooms, serial_shops, shop
D:2:      layout_loops_cross
D:3:      layout_loops_cross, uniq_sigmund, uniq_grinder, uniq_jessica

Skill      XL: |  1  2  3  4 |
---------------+-------------+-----
Transmutations | 2 3 4 |  4.1
Spellcasting   | 3 4 |  4.2
Poison Magic   | 1 |  1.2
Fighting       | |  1.0
Dodging        | |  1.7
Unarmed Combat | |  2.6

Action                   |  1- 3 |  4- 6 || total
-------------------------+-------+-------++-------
Melee: Unarmed           |    92 |    31 ||   123
       Kick              |    23 |     5 ||    28
       Headbutt          |    11 |     3 ||    14
       Touch             |    16 |     2 ||    18
       Punch             |     1 |       ||     1
 Cast: Beastly Appendage |    30 |     7 ||    37
       Spider Form       |       |     1 ||     1
  Use: Potion            |     1 |     3 ||     4
       Scroll            |     3 |       ||     3
 Stab: Sleeping          |     1 |     1 ||     2
Armor: Robe              |    12 |    10 ||    22
       Skin              |       |     1 ||     1
Dodge: Dodged            |    75 |    24 ||    99

Table legend: (Time is in decaauts)
 A = Elapsed time spent in this place.
 B = Non-inter-level travel time spent in this place.
 C = Inter-level travel time spent in this place.
 D = Time resting spent in this place.
 E = Time spent auto-exploring this place.
 F = Levels seen in this place.
 G = Mean time per level.
                   A        B        C        D        E       F      G
               +--------+--------+--------+--------+--------+-----+--------+
         Total |   3233 |   3186 |     47 |    227 |   2548 |   3 | 1077.7 |
       Dungeon |   3233 |   3186 |     47 |    227 |   2548 |   3 | 1077.7 |
               +--------+--------+--------+--------+--------+-----+--------+

Top non-repeatable levels by time:
     D:1: 1118 daAuts
     D:3: 1107 daAuts
     D:2: 1008 daAuts
